 Dungeon Crawl Stone Soup version 0.20.1-1-g8b1a95d (webtiles) character file.

20 Milesaru the Shooter (level 2, -2/23 HPs)
             Began as a Centaur Arcane Marksman on Aug 25, 2017.
             Slain by a kobold (3 damage)
             ... on level 1 of the Dungeon.
             The game lasted 00:02:56 (654 turns).

Milesaru the Shooter (Centaur Arcane Marksman)       Turns: 654, Time: 00:02:57

Health: -2/23      AC:  4    Str: 12    XL:     2   Next: 58%
Magic:  3/3        EV: 10    Int: 12    God:
Gold:   71         SH:  0    Dex:  9    Spells: 2/3 levels left

rFire    x . .     SeeInvis .   g - -2 short sword (curse)
rCold    + . .     Gourm    .   (no shield)
rNeg     . . .     Faith    .   e - +0 robe
rPois    .         Spirit   .   (no helmet)
rElec    .         Reflect  .   (no cloak)
rCorr    .         Harm     .   (no gloves)
MR       .....                  (no barding)
Stlth    +.........             (no amulet)
Regen    0.1/turn               o - ring of ice
MPRegen  0.1/turn               (no ring)

@: very quick
A: hooves 3, deformed body, speed 2, tough skin 3
a: no special abilities


You were on level 1 of the Dungeon.
You were not hungry.

You visited 1 branch of the dungeon, and saw 1 of its levels.

You collected 71 gold pieces.

Inventory:

Hand Weapons
 a - a +0 shortbow
 g - a cursed -2 short sword (weapon)
 i - a +1 dagger of flaming
Missiles
 d - 19 arrows
Armour
 e - a +0 robe (worn)
Jewellery
 o - a ring of ice (left hand)
Scrolls
 j - a scroll of random uselessness {unknown}
 k - 2 scrolls of identify {unknown}
 m - a scroll of teleportation {unknown}
Potions
 h - a potion of curing {unknown}
Books
 c - a book of Debilitation

   Spells                             Type                      Level
   a - Corona                         Hexes                        1
   b - Slow                           Hexes                        2
   c - Inner Flame                    Hexes/Fire                   3
   d - Portal Projectile              Hexes/Translocation          3
   e - Cause Fear                     Hexes                        4
   f - Leda's Liquefaction            Hexes/Earth                  4
Comestibles
 b - 2 chunks of flesh
 f - 2 bread rations
 l - a royal jelly
 n - a meat ration


   Skills:
 + Level 1.4 Fighting
 + Level 3.1 Bows
 + Level 1.5 Dodging
 + Level 1.0 Spellcasting
 + Level 3.1 Hexes


You had 2 spell levels left.
You knew the following spells:

 Your Spells              Type           Power        Failure   Level  Hunger
a - Corona                Hex            #......      9%          1    ##.....


Dungeon Overview and Level Annotations

Branches:
Dungeon (1/15)

Altars:


Innate Abilities, Weirdness & Mutations

You have hooves in place of feet.
Armour fits poorly on your strangely shaped body.
You cover ground very quickly.
You have extremely tough skin. (AC +3)


Message History

Your kick misses the frilled lizard. The kobold hits you.
* * * LOW HITPOINT WARNING * * *
The kobold throws a stone.
The stone hits you.
* * * LOW HITPOINT WARNING * * *
The frilled lizard closely misses you.
Some of the chunks of flesh in your inventory have rotted away.
The kobold throws a stone.
The stone closely misses you.
You see here a stone.
The kobold throws a stone.
The stone hits you.
* * * LOW HITPOINT WARNING * * *
You see here a stone.
The kobold throws a stone.
The stone closely misses you.
The stone hits the kobold.
The kobold misses you.
You barely miss the kobold. The kobold closely misses you.
You miss the kobold. Your kick misses the kobold.
The kobold hits you with a dagger.
* * * LOW HITPOINT WARNING * * *
The kobold hits you.
You die...

.'..<..# ## #......... ##.....#
#......... ########
##############.........
###########...........##.........
).........#(..........##.###.....
..........(.g.........##.###.....
.##########.((........##...#..>..
(# #...........####.#..... ##
#...lK@K....# #.#..... #
#...........# #.#.#+##
###########...........# #.#.#.##
.........##...........# #.#.#...
##.####...............####.#.#...
#.# #...............##...#.#...
#.# #...[........#####.###.#...
#.# #รท........##.#####.###'#...
#.# #.........##.....#.........


You could see a goblin, 2 kobolds and a frilled lizard.

Vanquished Creatures
  A dart slug (D:1)
  2 giant cockroaches (D:1)
  2 hobgoblins (D:1)
  4 jackals (D:1)
  A ball python (D:1)
  5 bats (D:1)
  A frilled lizard (D:1)
  2 rats (D:1)
18 creatures vanquished.

Notes
Turn   | Place    | Note
-------+----------+-------------------------------------------
     0 | D:1      | Milesaru the Centaur Arcane Marksman began the quest for the Orb.
     0 | D:1      | Reached XP level 1. HP: 16/16 MP: 2/2
   266 | D:1      | Reached XP level 2. HP: 15/23 MP: 3/3
   562 | D:1      | HP: 1/23 [kobold (3)]
   649 | D:1      | HP: 1/23 [kobold/stone (1)]
   654 | D:1      | HP: 1/23 [kobold/dagger (1)]
   654 | D:1      | Slain by a kobold

Skill      XL: |  1  2 |
---------------+-------+-----
Bows           | 3 |  3.1
Hexes          | 3 |  3.1
Fighting       | |  1.4
Dodging        | |  1.5
Spellcasting   | |  1.0

Action                   || total
-------------------------++-------
Melee: Short sword       ||    78
       Kick              ||    14
 Fire: Shortbow          ||     4
 Cast: Corona            ||     7
Armor: Robe              ||    44
Dodge: Dodged            ||    58
